 Dungeon Crawl Stone Soup version 0.30.0-15-g856e2d3f33 (webtiles) character file.

Game seed: 11276256540953236813

291 bubby the Cudgeller (level 6, -7/55 HPs)
             Began as a Ghoul Monk on May 19, 2023.
             Was a Priest of Okawaru.
             Mangled by a gnoll
             ... wielding a +0 flail
              (9 damage)
             ... on level 4 of the Dungeon.
             The game lasted 00:09:44 (3466 turns).

bubby the Cudgeller (Ghoul Monk)                    Turns: 3466, Time: 00:09:45

Health: -7/55      AC:  5    Str: 17    XL:     6   Next: 32%
Magic:  5/6        EV: 12    Int:  5    God:    Okawaru [***...]
Gold:   198        SH:  0    Dex: 11    Spells: 5/5 levels left

rFire   . . .        x - +1 mace (heavy)
rCold   + . .        d - orb {light}
rNeg    + + +        n - +0 leather armour
rPois   ∞            (no helmet)
rElec   .            (no cloak)
rCorr   .            i - +0 pair of gloves
SInv    .            t - +0 pair of boots
Will    .....        (no amulet)
Stlth   +            (no ring)
HPRegen 0.00/turn    (no ring)
MPRegen 0.10/turn

%: no passive effects
@: inhibited regen, glowing
A: claws 1, cold resistance 1, negative energy resistance 3, inhibited
regeneration, torment resistance 2, devour on kill
a: Renounce Religion, Heroism


You were on level 4 of the Dungeon.
You worshipped Okawaru.
Okawaru was most pleased with you.
You visited 1 branch of the dungeon, and saw 4 of its levels.

You collected 198 gold pieces.

Inventory:

Hand Weapons
 x - a +1 heavy mace (weapon)
Armour
 d - an orb of light (worn)
 i - a +0 pair of gloves (worn)
 n - a +0 leather armour (worn)
 t - a +0 pair of boots (worn)
Jewellery
 v - a ring of fire
Wands
 u - a wand of light (7)
Scrolls
 f - a scroll of identify {unknown}
 h - 2 scrolls of teleportation {unknown}
 k - a scroll of silence {unknown}
 l - 3 scrolls of enchant armour {unknown}
 m - 2 scrolls of noise {unknown}
 o - 2 scrolls of fog {unknown}
 r - a scroll of vulnerability {unknown}
Potions
 c - a potion of ambrosia
 e - a potion of brilliance {unknown}
 g - a potion of might {unknown}
 j - 2 potions of degeneration {unknown}
 p - a potion of heal wounds {unknown}
 q - 3 potions of curing {unknown}
 s - a potion of haste {unknown}


   Skills:
 + Level 4.8 Fighting
 * Level 5.0 Maces & Flails
 + Level 0.4 Armour
 - Level 2.7 Dodging
 + Level 2.1 Invocations


You had 5 spell levels left.
You didn't know any spells.
Your spell library was empty.

Dungeon Overview and Level Annotations

Branches:
Dungeon (4/15)
 Temple: D:4-7

Altars:
Gozag
Okawaru
Uskayaw

Shops:
D:1 (


Innate Abilities, Weirdness & Mutations

You are immune to poison.
You have sharp fingernails.
Your flesh is cold resistant. (rC+)
You are immune to negative energy. (rN+++)
You do not regenerate when monsters are visible.
You are immune to unholy pain and torment.
You thrive by killing the living.


Message History

You hit the endoplasm but do no damage. The endoplasm freezes you.
You are frozen.
You resist.
The orc hits you with a +0 flail of holy wrath.
You convulse.
The gnoll misses you. The endoplasm misses you. The orc misses you.
The gnoll hits you from afar with a +0 spear!
The gnoll hits you with a +0 flail.
* * * LOW HITPOINT WARNING * * *
You sock the orc!
You kill the orc!
Okawaru accepts your kill. The endoplasm hits you.
* * * LOW HITPOINT WARNING * * *
The gnoll hits you from afar with a +0 spear.
* * * LOW HITPOINT WARNING * * *
The gnoll closely misses you. The endoplasm freezes you.
You are frozen.
You resist.
* * * LOW HITPOINT WARNING * * *
The gnoll hits you with a +0 spear.
* * * LOW HITPOINT WARNING * * *
Things that are here:
a +0 flail of holy wrath; a +0 leather armour You barely miss the gnoll.
The gnoll is severely wounded.
You feel like a meek peon again. The endoplasm misses you.
The gnoll hits you but does no damage. The gnoll barely misses you.
You hit the gnoll.
You kill the gnoll!
Okawaru accepts your kill.
The endoplasm hits you but does no damage.
The gnoll hits you with a +0 flail.
* * * LOW HITPOINT WARNING * * *
The endoplasm freezes you.
You are frozen.
You resist.
* * * LOW HITPOINT WARNING * * *
The gnoll hits you with a +0 flail!
You die...

###########............##
#............####.......##
#.........#### #######..##
####...#### ##..# ##.###
##.. ##....### ##.
#.......## ##
#..#....g)#####.. #
#.######.J@)...... # #.
#.......... # ##.....###.
#..#### ...# #...# ....#
..##..


You could see a gnoll and an endoplasm.

Vanquished Creatures
  A phantom (D:3)
  An orc priest (D:3)
  A hound (D:4)
  6 adders
  2 gnolls (D:4)
  2 worms (D:2)
  3 dart slugs
  10 orcs
  5 ball pythons
  3 bats
  10 endoplasms
  4 giant cockroaches
  5 hobgoblins
  2 jackals (D:1)
  5 kobolds
  2 quokkas
  2 frilled lizards (D:2)
  8 goblins
  4 rats (D:1)
76 creatures vanquished.

Notes
Turn   | Place    | Note
-------+----------+-------------------------------------------
     0 | D:1      | bubby the Ghoul Monk began the quest for the Orb.
     0 | D:1      | Reached XP level 1. HP: 19/19 MP: 0/0
   173 | D:1      | Reached skill level 3 in Maces & Flails
   176 | D:1      | Reached XP level 2. HP: 22/26 MP: 1/1
   538 | D:1      | Found Guschi Uwui's Antique Weapon Boutique.
   691 | D:1      | Reached XP level 3. HP: 33/33 MP: 2/2
  1252 | D:2      | Found a faded altar of an unknown god.
  1277 | D:2      | Prayed at the altar of an unknown god.
  1277 | D:2      | Became a worshipper of Warmaster Okawaru
  1277 | D:2      | Reached * piety under Okawaru
  1277 | D:2      | Reached ** piety under Okawaru
  1402 | D:2      | Reached XP level 4. HP: 33/40 MP: 3/3
  1470 | D:2      | Reached skill level 4 in Maces & Flails
  1586 | D:3      | Noticed a phantom
  1666 | D:3      | Found an opulent altar of Gozag.
  1704 | D:3      | Reached *** piety under Okawaru
  1777 | D:3      | Reached skill level 1 in Invocations
  1777 | D:3      | Reached XP level 5. HP: 20/47 MP: 1/4
  2507 | D:3      | Killed a phantom
  2508 | D:3      | Reached XP level 6. HP: 16/53 MP: 6/6
  3246 | D:4      | Found a hide-covered altar of Uskayaw.
  3391 | D:4      | Reached skill level 5 in Maces & Flails
  3466 | D:4      | HP: 2/55 [frozen (2)]
  3466 | D:4      | Mangled by a gnoll

Illustrated notes

Levels and vault maps discovered:
D:1:      dpeg_arrival_lava_altar, layout_basic, serial_shops, shop,
          st_stairs_12
D:2:      layout_basic, ebering_ecumenical_altar_box
D:3:      layout_loops_ring, mainiacjoe_overflow_boulevard,
          corexii_hall_statues_deadend, roderic_lattice_a, moated_statue
D:4:      layout_layer_cave, nicolae_uskayaw_dance_hall

Skill      XL: |  1  2  3  4  5  6 |
---------------+-------------------+-----
Maces & Flails | 3 4 5 |  5.0
Fighting       | 4 |  4.8
Invocations    | 1 2 |  2.1
Armour         | |  0.4
Dodging        | |  2.7

Action                     |  1- 3 |  4- 6 || total
---------------------------+-------+-------++-------
  Melee: Mace              |    80 |   133 ||   213
 Invoke: Heroism           |       |     2 ||     2
   Stab: Distracted        |       |     1 ||     1
 Armour: Robe              |     8 |       ||     8
         Leather armour    |     5 |    43 ||    48
  Dodge: Dodged            |    54 |   101 ||   155
